AoeStats
← The Punisher

Golden Pit

507455786Analyzed
1v1 RM · 14d ago on Sep 18, 2026· 50m 53s· 2 players
Game mode
Random Map
Map size
Tiny (2 player)
Population
200
Speed
Normal
Resources
Standard
Victory
Conquest
Starting age
Dark Age
Ending age
Imperial Age
RankedLock teamsTeams togetherTeam positionsShared explorationLock speedFull tech treeHidden civsTurbo modeCheats
Victory
Defeat
🇺🇸 Burgundians · United States
383
+18
🇪🇸 Lithuanians · Spain
434
-18
The Punisher
2:36 Loom
4:22 Loom
6:58 Loom
7:11 Loom
8:17 Double-Bit Axe
8:15 Horse Collar
9:27 Loom
10:17 Loom
11:55 Wheelbarrow
11:05 Loom
12:56 Feudal Age
12:12 Gold Mining
13:07 Loom
14:13 Bow Saw
14:06 Heavy Plow
14:46 Gold Shaft Mining
15:23 Stone Mining
17:43 Stone Shaft Mining
17:35 Padded Archer Armor
19:24 Wheelbarrow
18:34 Town Watch
22:21 Castle Age
21:53 Forging
22:30 Fletching
22:43 Padded Archer Armor
23:58 Scale Mail Armor
23:50 Loom
25:27 Town Watch
30:34 Wheelbarrow
34:12 Iron Casting
33:53 Chain Mail Armor
33:40 Padded Archer Armor
33:49 Elite Skirmisher
36:14 Bodkin Arrow
36:43 Town Patrol
37:33 Scale Barding Armor
38:58 Two-Man Saw
38:12 Squires
37:32 Pikeman
38:10 Man-at-Arms
41:01 Hand Cart
44:00 Imperial Age
42:36 Masonry
44:34 Halberdier
46:52 Crossbowman
Ameyarci
3:20 Loom
10:30 Feudal Age
11:10 Double-Bit Axe
14:06 Horse Collar
16:07 Wheelbarrow
15:17 Town Watch
17:38 Stone Mining
17:39 Gold Mining
22:40 Fletching
22:51 Padded Archer Armor
28:29 Castle Age
30:08 Fervor
30:19 Sanctity
30:35 Hand Cart
30:08 Elite Skirmisher
30:55 Thumb Ring
31:42 Leather Archer Armor
31:23 Bodkin Arrow
35:59 Imperial Age
35:02 Ballistics
34:24 Treadmill Crane
34:55 Masonry
37:05 Hill Forts
37:07 Tower Shields
37:45 Hoardings
39:26 Stone Shaft Mining
39:08 Town Patrol
38:56 Pikeman
42:13 Chemistry
44:44 Architecture
44:10 Murder Holes
51:12 Bracer
Connection lost

Rejoining the realm…

Still unreachable

The connection could not be restored.

Session expired

The server has moved on; the page needs a fresh start.